 Dungeon Crawl Stone Soup version 0.31.0-1-g2c135a008e (webtiles) character file.

Game seed: 15286199181322140193

63 qw the Shooter (level 4, 0/35 HPs)
             Began as a Djinni Hunter on Jan 23, 2024.
             Slain by a cerulean imp
             ... wielding a +4 spear
             ... summoned by Natasha
              (5 damage)
             ... on level 3 of the Dungeon.
             The game lasted 00:00:07 (1652 turns).

qw the Shooter (Djinni Hunter)                      Turns: 1652, Time: 00:00:08

Health: 0/35       AC:  9    Str: 10    XL:     4   Next: 30%
Gold:   12         EV: 11    Int: 10    God:
                   SH:  0    Dex: 19

rFire   + + .        a - +0 shortbow
rCold   x . .        (shield currently unavailable)
rNeg    . . .        h - +0 ring mail
rPois   inf          (no helmet)
rElec   .            (no cloak)
rCorr   .            (no gloves)
SInv    .            (boots unavailable)
Will    +....        (no amulet)
Stlth   +            g - ring of willpower
HPRegen 0.25/turn    c - +4 ring of protection
MPRegen 0.00/turn

%: infuse magic (-1 HP)
@: flying
A: sickness immunity, fire resistance 2, cold vulnerability 1, float, innate
caster, HP casting, extra vitality 1
a: no special abilities


You were on level 3 of the Dungeon.
You visited 1 branch of the dungeon, and saw 3 of its levels.

You collected 72 gold pieces.
You spent 60 gold pieces at shops.


Innate Abilities, Weirdness & Mutations

You are immune to sickness and miasma.
You are immune to poison.
Your flesh is very heat resistant. (rF++)
You are vulnerable to cold. (rC-)
You float through the air rather than walking.
You learn spells naturally, not from books.
Your magical power is your life essence.
You have superior vitality. (+4 MHP)


   Skills:
 - Level 3.0 Fighting
 + Level 4.0 Ranged Weapons
 - Level 1.0 Armour
 - Level 2.1 Dodging
 - Level 0.7 Stealth


You knew the following spells:

 Your Spells              Type           Power      Damage    Failure   Level
a - Sting                 Conj/Alch      0%         1d3       67%         1
Your spell library was empty.

Inventory:

Hand Weapons
 a - a +0 shortbow (weapon)
Armour
 h - a +0 ring mail (worn)
Jewellery
 c - a +4 ring of protection (right hand)
 g - a ring of willpower (left hand)
Wands
 b - a wand of paralysis (9)
Scrolls
 e - a scroll of amnesia {unknown}
 f - a scroll of enchant weapon {unknown}
Potions
 d - a potion of attraction {unknown}

Dungeon Overview and Level Annotations

Branches:
Dungeon (3/15)

Altars:

Shops:
D:3 *

Annotations:
D:3 Natasha


Message History

You shoot an arrow.
The arrow barely misses the cerulean imp.
The cerulean imp hits you but does no damage.
You shoot an arrow. The arrow hits the cerulean imp.
The cerulean imp is moderately wounded.
The cerulean imp hits you from afar with a +4 spear.
You shoot an arrow. The arrow misses the cerulean imp.
The cerulean imp hits you but does no damage.
Natasha casts a spell.
The cerulean imp hits you from afar with a +4 spear.
Enter note: You shoot an arrow.
The arrow barely misses Natasha.
Natasha barely misses you.
The cerulean imp hits you from afar with a +4 spear.
You shoot an arrow. The arrow hits Natasha.
Natasha is heavily wounded.
Natasha claws you. The cerulean imp closely misses you.
The cerulean imp hits you from afar with a +4 spear.
Natasha misses you. The cerulean imp misses you.
You shoot an arrow.
The arrow hits Natasha but does no damage.
Natasha is heavily wounded.
The cerulean imp barely misses you. The cerulean imp misses you.
Natasha closely misses you.
The cerulean imp hits you but does no damage.
You shoot an arrow. The arrow hits Natasha.
Natasha is almost dead.
Natasha claws you!
The cerulean imp hits you from afar with a +2 spear.
The cerulean imp hits you from afar with a +4 spear.
You shoot an arrow. The arrow closely misses Natasha.
Natasha barely misses you.
The cerulean imp hits you but does no damage. x2
The cerulean imp hits you from afar with a +2 spear.
Natasha claws you but does no damage.
You shoot an arrow. The arrow closely misses Natasha.
The cerulean imp barely misses you. Natasha completely misses you.
The cerulean imp hits you from afar with a +2 spear.
The cerulean imp hits you from afar with a +4 spear.
You die...

..................#<..#
...#####.############l#
#............ ..# ..
#.#.#######.. ...#
....#...### .....
..........# .....#
...####...# ......# ##
#...# ........ #@###
#h....# #.55.....
......... ## #........
##..# #........ .....
......... .....
........# .....


You could see Natasha and 2 cerulean imps.

Vanquished Creatures
  An adder (D:3)
  A ribbon worm (D:2)
  8 ball pythons
  3 bats
  6 endoplasms
  2 giant cockroaches (D:2)
  4 goblins
  4 hobgoblins
  7 kobolds
  2 quokkas
  3 frilled lizards
  5 rats
46 creatures vanquished.

Notes
Turn   | Place    | Note
-------+----------+-------------------------------------------
     0 | D:1      | qw the Djinni Hunter began the quest for the Orb.
     0 | D:1      | Reached XP level 1. HP: 18/18 MP: 0/0
     0 | D:1      | 0 ||| qw: Version: 0.3-a-134-g2ba4250
     0 | D:1      | 0 ||| qw: Game counter: 754
     0 | D:1      | 0 ||| qw: Melee chars always use a shield: true
     0 | D:1      | 0 ||| qw: God list: Okawaru
     0 | D:1      | 0 ||| qw: Allow faded altars: false
     0 | D:1      | 0 ||| qw: Do Orc after clearing Dungeon:15 true
     0 | D:1      | 0 ||| qw: Do second Lair branch before Depths: true
     0 | D:1      | 0 ||| qw: Lair rune preference: random
     0 | D:1      | 0 ||| qw: Goals: Normal
     0 | D:1      | 0 ||| PLANNING D:1-11
    48 | D:1      | Reached XP level 2. HP: 22/23 MP: 0/0
   236 | D:1      | Reached skill level 4 in Ranged Weapons
   236 | D:1      | Reached XP level 3. HP: 28/28 MP: 0/0
   236 | D:1      | Learned a level 1 spell: Sting
   602 | D:1      | 602 ||| UPGRADING to +0 ring mail.
   612 | D:1      | 612 ||| DROPPING +0 leather armour.
   613 | D:1      | 613 ||| UPGRADING to ring of willpower.
   614 | D:1      | 614 ||| READING 2 scrolls labelled OPSU OWAOCKINN.
   614 | D:1      | 614 ||| IDENTIFYING scroll labelled QUPNAO KOQU
   615 | D:1      | 615 ||| READING scroll of identify.
   615 | D:1      | 615 ||| IDENTIFYING scroll labelled COOFUU HAORPH
   616 | D:1      | 616 ||| READING 2 scrolls labelled QUCYCZ NACO.
   717 | D:1      | 717 ||| READING scroll labelled IPOACITWYTIHO.
   718 | D:1      | 718 ||| DROPPING scroll of butterflies.
   719 | D:1      | 719 ||| DROPPING scroll of silence.
   720 | D:1      | 720 ||| DROPPING scroll of blinking.
   817 | D:2      | 817 ||| FLEEEEING.
   818 | D:2      | 818 ||| FLEEEEING.
   983 | D:2      | Reached skill level 1 in Armour
  1026 | D:2      | Reached XP level 4. HP: 27/34 MP: 0/0
  1211 | D:2      | Found a faded altar of an unknown god.
  1423 | D:2      | 1423 ||| UPGRADING to +4 ring of protection.
  1424 | D:2      | 1424 ||| READING 3 scrolls of identify.
  1424 | D:2      | 1424 ||| IDENTIFYING orange potion
  1425 | D:2      | 1425 ||| READING 2 scrolls of identify.
  1425 | D:2      | 1425 ||| IDENTIFYING scroll labelled CUS BUAHURAAG
  1426 | D:2      | 1426 ||| READING scroll of identify.
  1426 | D:2      | 1426 ||| IDENTIFYING scroll labelled HAOQONW SUISHE
  1427 | D:2      | 1427 ||| DROPPING scroll of immolation.
  1428 | D:2      | 1428 ||| DROPPING potion of degeneration.
  1429 | D:2      | 1429 ||| DROPPING scroll of fear.
  1460 | D:3      | HP: 8/34 [iguana (4)]
  1461 | D:3      | 1461 ||| READING 2 scrolls of teleportation.
  1464 | D:3      | 1464 ||| RETREEEEATING.
  1465 | D:3      | 1465 ||| RETREEEEATING.
  1466 | D:3      | 1466 ||| RETREEEEATING.
  1467 | D:3      | 1467 ||| RETREEEEATING.
  1467 | D:3      | HP: 8/34 [adder (2)]
  1468 | D:3      | 1468 ||| READING scroll of teleportation.
  1469 | D:3      | 1469 ||| RETREEEEATING.
  1589 | D:3      | Reached skill level 3 in Fighting
  1594 | D:3      | Found Heahygh's Assorted Antiques.
  1604 | D:3      | 1604 ||| SHOPLISTING 2 scrolls of teleportation (126 gold,
                  | have 72).
  1604 | D:3      | 1604 ||| BUYING grey potion (18 gold).
  1604 | D:3      | Bought a grey potion for 18 gold pieces
  1604 | D:3      | 1604 ||| BUYING scroll labelled VIEGEOCWOU (21 gold).
  1604 | D:3      | Bought a scroll labelled VIEGEOCWOU for 21 gold pieces
  1604 | D:3      | 1604 ||| BUYING scroll labelled YDIUCK COXKICU (21 gold).
  1604 | D:3      | Bought a scroll labelled YDIUCK COXKICU for 21 gold pieces
  1604 | D:3      | 1604 ||| SHOPLISTING scroll of identify (42 gold, have 12).
  1642 | D:3      | Noticed Natasha
  1651 | D:3      | HP: 7/35 [cerulean imp/+2 spear[Natasha] (5)]
  1652 | D:3      | Slain by a cerulean imp

Levels and vault maps discovered:
D:1:      ncdulo_wetmaze, layout_basic, roderic_roman_lattice
D:2:      layout_loops_ring, shapermc_ecumenical_altar_pompeii,
          palyth_stone_intersect
D:3:      layout_basic, serial_shops, shop, minmay_misc_feat_tiny,
          kennysheep_boxes, uniq_natasha

Skill      XL: |  1  2  3  4 |
---------------+-------------+-----
Ranged Weapons | 4 |  4.0
Armour         | 1 |  1.0
Fighting       | 3 |  3.0
Dodging        | |  2.1
Stealth        | |  0.7

Action                     |  1- 3 |  4- 6 || total
---------------------------+-------+-------++-------
   Fire: Shortbow          |   102 |    46 ||   148
    Use: Scroll            |     4 |     5 ||     9
 Armour: Leather armour    |     8 |       ||     8
         Ring mail         |     9 |    37 ||    46
  Dodge: Dodged            |    12 |    32 ||    44

Table legend:
 A = Non-vault XP
 B = Vault XP
 C = Vault XP percentage of total XP
 D = Non-vault monster count
 E = Vault monster count
 F = Vault count percentage of total count
                 A         B        C        D         E       F
            +---------+---------+-------+---------+---------+-------
      Total |      90 |       0 |   0.0 |      46 |       0 |   0.0
            +---------+---------+-------+---------+---------+-------
        D:1 |      43 |       0 |   0.0 |      26 |       0 |   0.0
        D:2 |      34 |       0 |   0.0 |      19 |       0 |   0.0
        D:3 |      13 |       0 |   0.0 |       1 |       0 |   0.0
            +---------+---------+-------+---------+---------+-------
